 Dungeon Crawl Stone Soup version 0.22.0-49-gab54619 (webtiles) character file.

912 Lavandula the Cleaver (level 7, -20/57 HPs)
             Began as a Centaur Berserker on Sept 6, 2018.
             Was an Elder of Trog.
             Killed from afar by torrenera's ghost (21 damage)
             ... with a shard of ice
             ... on level 6 of the Dungeon.
             The game lasted 00:13:29 (2447 turns).

Lavandula the Cleaver (Centaur Berserker)           Turns: 2447, Time: 00:13:30

Health: -20/57     AC:  9    Str: 21    XL:     7   Next: 82%
Magic:  7/7        EV:  6    Int:  6    God:    Trog [****..]
Gold:   194        SH:  0    Dex:  9    Spells: 6/6 levels left

rFire    . . .     SeeInvis .   a - +1 hand axe
rCold    . . .     Gourm    .   (no shield)
rNeg     . . .     Faith    .   h - +0 chain mail
rPois    .         Spirit   .   o - +1 helmet
rElec    .         Reflect  .   (no cloak)
rCorr    .         Harm     .   (no gloves)
MR       +....                  (no barding)
Stlth    ..........             (no amulet)
HPRegen  0.19/turn              p - ring of protection from magic
MPRegen  0.10/turn              (no ring)

@: lethally poisoned (-20 -> -24), berserk cooldown, starving, slowed
A: large, hooves 3, deformed body, speed 2, tough skin 3
a: Berserk, Trog's Hand, Brothers in Arms, Renounce Religion


You were on level 6 of the Dungeon.
You worshipped Trog.
Trog was greatly pleased with you.
You were starving.

You visited 1 branch of the dungeon, and saw 6 of its levels.

You collected 194 gold pieces.

Inventory:

Hand Weapons
 a - a +1 hand axe (weapon)
 f - a +0 trident
 g - a +0 blowgun
Missiles
 e - 4 tomahawks (quivered)
 t - a throwing net
 w - 21 poisoned needles
Armour
 b - a +0 animal skin
 h - a +0 chain mail (worn)
 o - a +1 helmet (worn)
Jewellery
 p - a ring of protection from magic (left hand)
 u - an uncursed ring of fire
Scrolls
 i - 2 scrolls of fear
 k - a scroll of enchant weapon
 l - a scroll of teleportation {unknown}
 m - a scroll of enchant armour {unknown}
 r - 2 scrolls of immolation
 s - 2 scrolls of remove curse {unknown}
Potions
 j - 3 potions of haste
 q - a potion of cancellation
 v - a potion of ambrosia
Comestibles
 c - 9 rations


   Skills:
 - Level 3.0 Fighting
 + Level 8.3 Axes
 - Level 2.4 Throwing
 - Level 1.3 Armour
 - Level 1.3 Dodging


You had 6 spell levels left.
You didn't know any spells.
Your spell library contained the following spells:

 Spells                   Type           Power        Failure   Level  Hunger
 Shock                    Conj/Air       #...         99%         1    ##.....
 Swiftness                Chrm/Air       #.......     100%        2    ###....
 Static Discharge         Conj/Air       #.......     100%        3    ####...
 Airstrike                Air            #.........   100%        4    #####..
 Lightning Bolt           Conj/Air       #.........   100%        5    ######.


Dungeon Overview and Level Annotations

Branches:
Dungeon (6/15)             Temple (0/1) D:6

Altars:
Okawaru

Annotations:
D:6 torrenera's ghost, novice DrIE


Innate Abilities, Weirdness & Mutations

You have hooves in place of feet.
Armour fits poorly on your strangely shaped body.
You cover ground very quickly.
You have extremely tough skin. (AC +3)


Message History

Unknown command.
You feel better.
Torrenera's ghost hits you but does no damage.
You are poisoned.
Torrenera's ghost whispers, "Death is liberation."
Torrenera's ghost gestures at you while chanting.
The shard of ice hits you!
* * * LOW HITPOINT WARNING * * *
As you read the scroll labeled ZETISYT JEUFI, it crumbles to dust.
You feel aware of your surroundings.
You sensed 1 altar.
It was a scroll of magic mapping.
* * * LOW HITPOINT WARNING * * *
You feel sick. Torrenera's ghost barely misses you.
Unknown command.
Okay, then.
* * * LOW HITPOINT WARNING * * *
You feel sick.
Torrenera's ghost gestures at you while chanting.
The shard of ice hits you!
You die...

,**,****####.#.# ,,,,,,,,#..#.#.#
***,***,#..#.#.# *,,**,#..#.#.#
*,,**,#.<#.#.# *,,,*,#.##.#.#
***,*,#.#....#.##########********
,,,,,,.............[.....,,,,,,,,
***,**..#..#†#W.@........,,,,,,,,
*,,,,,..####≈####.######****#####
*****##,* ##≈## #.# #<))) * *,**
#≈* #.# ##### * *,,* #≈* #.#
********,**#(* #.# **,,,,,,,,*#≈*
#.# **,*****,,**** #.#
**,*****,,** #.#


You could see torrenera's ghost.

Vanquished Creatures
  Eustachio (D:4)
  An orc warrior (D:4)
  2 bullfrogs (D:6)
  A howler monkey (D:4)
  A centaur zombie (D:5)
  A hound (D:4)
  5 orc wizards
  A worker ant (D:4)
  2 worker ant zombies (D:4)
  Robin (D:4)
  7 adders
  4 gnolls (D:3)
  An adder skeleton (D:4)
  2 worms
  3 dart slugs
  2 leopard geckos
  21 orcs
  7 bats
  4 giant cockroaches
  14 goblins
  8 hobgoblins
  3 jackals (D:1)
  11 kobolds
  2 quokkas
  A ball python (D:2)
  4 frilled lizards
  7 rats
117 creatures vanquished.

Notes
Turn   | Place    | Note
-------+----------+-------------------------------------------
     0 | D:1      | Lavandula the Centaur Berserker began the quest for the
                  | Orb.
     0 | D:1      | Reached XP level 1. HP: 19/19 MP: 1/1
    81 | D:2      | Reached skill level 3 in Axes
   102 | D:2      | Reached XP level 2. HP: 26/26 MP: 2/2
   319 | D:1      | Reached ** piety under Trog
   419 | D:1      | Reached XP level 3. HP: 20/31 MP: 3/3
   619 | D:3      | Reached skill level 4 in Axes
   632 | D:3      | Reached XP level 4. HP: 19/38 MP: 4/4
   897 | D:2      | Reached skill level 1 in Throwing
  1303 | D:3      | Reached XP level 5. HP: 37/45 MP: 5/5
  1305 | D:3      | Reached skill level 5 in Axes
  1574 | D:3      | Reached *** piety under Trog
  1867 | D:5      | Entered Level 5 of the Dungeon
  1912 | D:4      | Noticed Robin
  1915 | D:4      | Noticed Eustachio
  1917 | D:4      | Reached XP level 6. HP: 40/51 MP: 6/6
  1925 | D:4      | Killed Robin
  1926 | D:4      | Reached skill level 6 in Axes
  1939 | D:4      | Killed Eustachio
  1973 | D:4      | Reached XP level 7. HP: 21/57 MP: 7/7
  2025 | D:4      | Reached **** piety under Trog
  2025 | D:4      | Reached skill level 7 in Axes
  2189 | D:5      | Found an iron altar of Okawaru.
  2417 | D:6      | Found a runed door.
  2420 | D:6      | Noticed torrenera's ghost (novice DrIE)
  2426 | D:6      | Reached skill level 8 in Axes
  2445 | D:6      | HP: 2/57 [poisoned by torrenera's ghost]
  2447 | D:6      | Killed from afar by torrenera's ghost

Skill      XL: |  1  2  3  4  5  6  7 |
---------------+----------------------+-----
Axes           | 3 4 5 6 8 |  8.3
Throwing       | 2 |  2.4
Fighting       | |  3.0
Armour         | |  1.3
Dodging        | |  1.3

Action                   |  1- 3 |  4- 6 |  7- 9 || total
-------------------------+-------+-------+-------++-------
Melee: Hand axe          |    89 |   146 |    41 ||   276
       Kick              |    13 |    26 |     8 ||    47
 Fire: Blowgun           |       |       |    12 ||    12
Throw: Tomahawk          |       |    38 |    12 ||    50
       Throwing net      |       |     1 |       ||     1
Invok: Berserk           |     2 |     6 |     1 ||     9
       Trog's Hand       |       |     3 |       ||     3
  Use: Scroll            |       |     5 |     3 ||     8
       Potion            |       |     1 |     3 ||     4
  Eat: Chunk             |       |    11 |       ||    11
Armor: Animal skin       |     8 |       |       ||     8
       Chain mail        |    44 |    86 |    24 ||   154
Dodge: Dodged            |    29 |    40 |     7 ||    76
